 Dungeon Crawl Stone Soup version 0.26-a0-611-g354ed81502 (webtiles) character file.

Game seed: 6752943241689512590

3088 MrRokkomies the Geomancer (level 9, -2/51 HPs)
             Began as an Octopode Earth Elementalist on Sept 5, 2020.
             Was an Initiate of Gozag.
             Slain by a wight
             ... wielding a +2 trident
              (13 damage)
             ... on level 7 of the Dungeon.
             The game lasted 00:24:53 (9677 turns).

MrRokkomies the Geomancer (OpEE)                    Turns: 9677, Time: 00:24:54

Health: -2/51      AC:  1    Str:  7    XL:     9   Next: 89%
Magic:  11/13      EV: 17    Int: 21    God:    Gozag
Gold:   539        SH:  0    Dex: 12    Spells: 7/14 levels left

rFire    . . .     SeeInvis +   a - +3 short sword (speed)
rCold    + . .     Faith    .   (no shield)
rNeg     . . .     Spirit   .   (helmet restricted)
rPois    .         Reflect  .   (no amulet)
rElec    .         Harm     .   p - ring "Kit Geck" {rC+ SInv}
rCorr    .                      j - ring of wizardry
MR       .....                  (no ring)
Stlth    ++++......             (no ring)
HPRegen  0.17/turn              (no ring)
MPRegen  0.13/turn              (no ring)
                                (no ring)
                                (no ring)

@: berserk cooldown, lightly drained
A: almost no armour, stealthy swim, amphibious, 8 rings, constrict 8, camouflage
1, gelatinous body 1
a: Potion Petition, Call Merchant, Bribe Branch, Renounce Religion


You were on level 7 of the Dungeon.
You worshipped Gozag.
Gozag was pleased with you.
You visited 2 branches of the dungeon, and saw 8 of its levels.

You collected 607 gold pieces.
You paid 68 gold pieces to Gozag.

Inventory:

Hand Weapons
 a - a +3 short sword of speed (weapon)
 c - a +0 short sword
 v - a +2 falchion of holy wrath
Missiles
 b - 182 stones (quivered)
 i - 2 throwing nets
 o - 21 poisoned darts
Jewellery
 j - a ring of wizardry (right tentacle)
 p - the ring "Kit Geck" (left tentacle) {rC+ SInv}
   (You found it on level 4 of the Dungeon)

   [ring of see invisible]

   It protects you from cold.
   It lets you see invisible.
Wands
 h - a wand of polymorph (13)
 x - a wand of flame (46)
Scrolls
 g - 3 scrolls of amnesia
 l - 2 scrolls of remove curse
 m - a scroll of identify
 q - 3 scrolls of fog
 t - 3 scrolls of immolation
Potions
 d - a potion of lignification
 e - a potion of magic
 k - a potion of brilliance
 n - 2 potions of flight
 u - 3 potions of cancellation {unknown}
 w - 3 potions of mutation


   Skills:
 + Level 3.2(2.8) Short Blades
 * Level 8.6(8.3) Dodging
 - Level 5.0(4.6) Stealth
 - Level 3.0(2.6) Spellcasting
 + Level 3.4(3.0) Transmutations
 * Level 9.1(8.7) Earth Magic


You had 7 spell levels left.
You knew the following spells:

 Your Spells              Type           Power        Failure   Level
a - Sandblast             Erth           #####.       1%          1
b - Passwall              Tmut/Erth      ####....     1%          2
c - Petrify               Tmut/Erth      ####....     4%          4

Your spell library contained the following spells:

 Spells                   Type           Power        Failure   Level
 Stone Arrow              Conj/Erth      ###...       2%          3
 Sting                    Tmut/Pois      #...         3%          1
 Lee's Rapid Deconstruct  Erth           #####.....   4%          5
 Foxfire                  Conj/Fire      #...         6%          1
 Static Discharge         Conj/Air       #.......     16%         3
 Hailstorm                Conj/Ice       #.......     45%         4
 Lightning Bolt           Conj/Air       #.........   80%         5
 Starburst                Conj/Fire      #.........   100%        6


Dungeon Overview and Level Annotations

Branches:
Dungeon (7/15)             Temple (1/1) D:5

Altars:
Ashenzari
Elyvilon
Fedhas
Gozag
Hepliaklqana
Kikubaaqudgha
Makhleb
Nemelex Xobeh
Ru
Sif Muna
Trog
Uskayaw
Vehumet
Wu Jian
Xom
Yredelemnul
The Shining One

Shops:
D:6 :


Innate Abilities, Weirdness & Mutations

You cannot wear most types of armour.
You are very stealthy in the water. (Stealth+)
You are amphibious.
You can wear up to eight rings at the same time.
You can use your tentacles to constrict eight enemies at once.
Your skin changes colour to match your surroundings (Stealth+).
Your rubbery body absorbs attacks. (AC +1, EV +1)


Message History

The blast of sand hits the gnoll!
You kill the gnoll!
b - 182 stones You start resting.
A wight is nearby!
You see here 6 gold pieces.
There is an open door here.
A wight comes into view. It is wielding a +8 battleaxe.
The wight closely misses you.
The wight hits you from afar with a +2 trident!
* * * LOW HITPOINT WARNING * * *
You feel drained.
* * * LOW HITPOINT WARNING * * *
You feel yourself speed up.
The wight hits you from afar with a +2 trident.
* * * LOW HITPOINT WARNING * * *
You feel better.
The wight hits you from afar with a +2 trident!
You die...
Your body crumbles into a pile of gold.

............#........#'#####
#≈..≈###...............#
...#≈≈#...#............#.#
.⌠.#≈≈#.⌠.#..............#
...#≈≈#...#.#..##+#....#.#
###≈≈≈≈###.....##).....#.#
..≈≈≈≈≈≈.......#.zz....#.#
).≈≈≈≈≈≈..(.####....#..###
###≈≈≈≈###.....<@...##.#
...#≈≈#...#.####....##>#
.⌠.#≈≈#.⌠.#.# #....##+##
...#≈≈#...#.# #....[...#
###≈).≈###..# ###......#
............# #......#
.......#....######......#
.....###................#####
.....#
###..................#####


You could see 2 wights.

Vanquished Creatures
  Pikel (D:5)
  Maggie (D:6)
  Prince Ribbit (D:6)
  Eustachio (D:4)
  Menkaure (D:5)
  2 orc warriors
  An ice beast (D:7)
  A phantom (D:6)
  2 centaurs
  2 ogres
  A bullfrog (D:7)
  Blork the orc (D:5)
  A scorpion (D:6)
  4 killer bees (D:7)
  5 hounds
  A lava snake (D:7)
  A quasit (D:5)
  A centaur zombie (D:7)
  Crazy Yiuf (D:5)
  2 orc wizards (D:6)
  An orc priest (D:6)
  Ijyb (D:5)
  An iguana (D:4)
  4 worker ants
  A killer bee zombie (D:6)
  A hound skeleton (D:5)
  A worker ant zombie (D:7)
  2 howler monkey skeletons
  7 adders
  10 gnolls
  2 oozes
  An adder skeleton (D:5)
  2 worms (D:2)
  3 dart slugs
  7 leopard geckos
  6 orcs
  14 bats
  5 giant cockroaches
  14 goblins
  7 hobgoblins
  7 jackals
  6 kobolds
  2 quokkas (D:6)
  2 ball pythons
  3 frilled lizards
  15 rats
156 creatures vanquished.

Notes
Turn   | Place    | Note
-------+----------+-------------------------------------------
     0 | D:1      | MrRokkomies the Octopode Earth Elementalist began the quest
                  | for the Orb.
     0 | D:1      | Reached XP level 1. HP: 11/11 MP: 3/3
   290 | D:1      | Reached XP level 2. HP: 11/17 MP: 5/5
   854 | D:1      | Reached XP level 3. HP: 21/21 MP: 6/6
  1525 | D:2      | Reached XP level 4. HP: 19/27 MP: 7/7
  2020 | D:2      | Reached skill level 4 in Earth Magic
  2279 | D:2      | Reached XP level 5. HP: 18/31 MP: 5/8
  2283 | D:2      | Learned a level 2 spell: Passwall
  2288 | D:2      | Learned a level 4 spell: Petrify
  2451 | D:2      | Noticed a moth of wrath
  2454 | D:2      | Found a bloodstained altar of Trog.
  3377 | D:3      | Found a white marble altar of Elyvilon.
  3429 | D:3      | Found a shimmering altar of Xom.
  3482 | D:3      | Found a basalt altar of Yredelemnul.
  3686 | D:3      | Found a glowing golden altar of the Shining One.
  3774 | D:4      | Reached XP level 6. HP: 32/36 MP: 10/10
  3853 | D:4      | Noticed Eustachio
  3878 | D:4      | Killed Eustachio
  4166 | D:4      | Reached skill level 5 in Stealth
  4166 | D:4      | Reached skill level 5 in Earth Magic
  4172 | D:4      | Reached XP level 7. HP: 14/41 MP: 11/11
  4785 | D:4      | Got a translucent bronze ring
  4786 | D:4      | Identified the ring "Kit Geck" {rC+ SInv} (You found it on
                  | level 4 of the Dungeon)
  5080 | D:4      | Noticed a +0 dagger
  5081 | D:4      | Noticed a +0 hand axe
  5088 | D:4      | Found a hide-covered altar of Uskayaw.
  5283 | D:5      | Entered Level 5 of the Dungeon
  5319 | D:5      | Noticed Blork the orc
  5326 | D:5      | Killed Blork the orc
  5441 | D:5      | Reached skill level 5 in Dodging
  5483 | D:5      | Noticed Ijyb
  5483 | D:5      | Noticed Pikel
  5493 | D:5      | Killed Ijyb
  5510 | D:5      | Killed Pikel
  5510 | D:5      | Reached skill level 6 in Earth Magic
  5510 | D:5      | Reached XP level 8. HP: 7/46 MP: 1/12
  6011 | D:5      | Noticed Menkaure
  6017 | D:5      | Killed Menkaure
  6017 | D:5      | Reached skill level 7 in Earth Magic
  6197 | D:5      | Found a staircase to the Ecumenical Temple.
  6217 | Temple   | Entered the Ecumenical Temple
  6492 | Temple   | Became a worshipper of Gozag Ym Sagoz the Greedy
  6704 | D:5      | Found a runed translucent door.
  6705 | D:5      | Noticed Crazy Yiuf
  6908 | D:5      | Killed Crazy Yiuf
  7634 | D:5      | Reached skill level 1 in Short Blades
  7634 | D:5      | Reached XP level 9. HP: 50/51 MP: 1/13
  7884 | D:6      | Reached skill level 8 in Earth Magic
  8002 | D:6      | Found Extom's Book Shoppe.
  8229 | D:6      | Noticed Prince Ribbit
  8242 | D:6      | Killed Prince Ribbit
  8392 | D:6      | Noticed Maggie
  8408 | D:6      | Killed Maggie
  9517 | D:7      | Found a glowing golden altar of the Shining One.
  9522 | D:7      | Identified the Handbook of Poison and Attacks
  9636 | D:7      | Reached skill level 9 in Earth Magic
  9676 | D:7      | HP: 2/51 [wight/+2 trident (3)]
  9677 | D:7      | Slain by a wight

Illustrated notes

Levels and vault maps discovered:
D:1:      minmay_arrival_split_and_join, layout_basic,
          chequers_serial_rivers_small_b
D:2:      layout_rooms, tgw_trog
D:3:      layout_rooms, overflow_temple_1_default, old_standard_altar,
          overflow_temple_1_default, nicolae_tso_swordbearing_angel
D:4:      layout_cave_pods, dancing_weapons_uskayaw,
          kennysheep_cross_bottleneck, uniq_eustachio
D:5:      layout_loops_ring, minmay_temple_entry_trees, uniq_ijyb, uniq_pikel,
          uniq_menkaure, uniq_crazy_yiuf_cottage, uniq_blork_the_orc
D:6:      layout_gridville, serial_shops, nicolae_shop_stone,
          uniq_prince_ribbit1, uniq_maggie
D:7:      layout_basic, zin_angel, basic_altar, fountainhead,
          nicolae_lava_and_water
Temple:   minmay_temple_bridge_abc

Skill      XL: |  1  2  3  4  5  6  7  8  9 |
---------------+----------------------------+-----
Stealth        | 3 4 5 |  5.0
Dodging        | 3 4 6 7 8 |  8.6
Earth Magic    | 4 5 6 7 9 |  9.1
Spellcasting   | 3 |  3.0
Short Blades   | 1 3 |  3.2
Transmutations | 3 |  3.4

Action                   |  1- 3 |  4- 6 |  7- 9 || total
-------------------------+-------+-------+-------++-------
Melee: Unarmed           |    44 |       |       ||    44
       Constrict         |    24 |    33 |    31 ||    88
       Tentacles         |    11 |    16 |    31 ||    58
       Short sword       |    40 |   136 |   218 ||   394
       Falchion          |       |       |     4 ||     4
 Cast: Sandblast         |    17 |    20 |    37 ||    74
       Petrify           |       |     1 |    16 ||    17
Evoke: Wand              |       |       |     4 ||     4
  Use: Scroll            |       |     4 |    12 ||    16
       Potion            |       |     1 |     6 ||     7
 Stab: Sleeping          |     7 |     6 |    16 ||    29
       Petrified         |       |     9 |    45 ||    54
       Petrifying        |       |     2 |       ||     2
       Distracted        |       |       |     1 ||     1
Armor: Skin              |    16 |     6 |    61 ||    83
Dodge: Dodged            |    69 |    96 |   149 ||   314
       Rpst.: Falchion   |       |       |     2 ||     2

Table legend: (Time is in decaauts)
 A = Elapsed time spent in this place.
 B = Non-inter-level travel time spent in this place.
 C = Inter-level travel time spent in this place.
 D = Time resting spent in this place.
 E = Time spent auto-exploring this place.
 F = Levels seen in this place.
 G = Mean time per level.
                   A        B        C        D        E       F      G
               +--------+--------+--------+--------+--------+-----+--------+
         Total |   9616 |   9377 |    239 |   2285 |   5784 |   8 | 1202.0 |
       Dungeon |   9320 |   9101 |    219 |   2132 |   5677 |   7 | 1331.4 |
        Temple |    295 |    275 |     20 |    153 |    107 |   1 |  295.0 |
               +--------+--------+--------+--------+--------+-----+--------+

Top non-repeatable levels by time:
     D:5: 1719 daAuts
     D:1: 1667 daAuts
     D:6: 1577 daAuts
     D:2: 1394 daAuts
     D:4: 1375 daAuts
     D:3: 838 daAuts
     D:7: 747 daAuts
  Temple: 295 daAuts
